cohdb
Replays
Latest Replays
All Replays
Popular Replays
Top Player Replays
Match Explorer
How It Works
Community
CoH3 Stats
Reddit
Sign in to upload your games and track your stats! →
Sign in with Steam
Match 19803124
Unlisted
Match 19803124
Overview
Messages
Build Orders
End
Construct Barracks
Selects Special Operations Battlegroup
Riflemen Squad
Riflemen Squad
1⁄4-ton 4x4 Truck
Grenade Package
Infantry Support Center
Construct Motor Pool
Selects Raiding Flares
Engineer Squad
M8 Greyhound Armored Car
Selects SSF Commando Squad
SSF Commando Squad
SSF Commando Squad
Construct Tank Depot
Survival Training
Selects M29 Weasel with M1 Pack Howitzer
Selects P-47 Anti-Infantry Loiter
P-47 Anti-Infantry Loiter
M4A1 Sherman Medium Tank
Selects M4A1 Sherman Whizbang
M4A1 Sherman Whizbang
P-47 Anti-Infantry Loiter
SSF Commando Squad
Selects Assault Operation
rudewoi
MonoChrome
【嗜血狼族】灵狐魅儿
[VGE] The Faith
0
0
Comments
sign in to comment!
No comments posted yet!